 Dungeon Crawl Stone Soup version 0.32-a0-131-g9dbbe29261 (webtiles) character file.

Game seed: 16486520817075210237

244565 sanka the Gelid (level 18, -11/163 HPs)
             Began as a Demigod Conjurer on July 9, 2023.
             Mangled by a war gargoyle
             ... wielding a +2 heavy morningstar
             ... led by a peacekeeper
              (31 damage)
             ... on level 2 of the Vaults on Feb 8, 2024.
             The game lasted 02:16:56 (57931 turns).

sanka the Gelid (Demigod Conjurer)                 Turns: 57931, Time: 02:16:57

Health: -11/163    AC: 25    Str: 12    XL:     18   Next: 8%
Magic:  3/40       EV: 20    Int: 63    God:
Gold:   3069       SH:  0    Dex: 17    Spells: 4/43 levels left

rFire   . . .        a - +8 scimitar of Infection {protect, Will+ Str+2 Int+2}
rCold   + . .        (no shield)
rNeg    . . .        N - +0 troll leather armour
rPois   +            Q - +2 helmet of Uskayaw's Esteem {rC+ Str+2 SInv}
rElec   +            h - scarf {rC+ rF+}
rCorr   .            A - +0 pair of gloves
SInv    +            W - +2 pair of boots of Protective Custody {rPois Int+8}
Will    +++..        I - amulet of Elemental Vulnerability {rPois rF-- rC-- AC+8}
Stlth   +++          y - ring "Daowk" {rF+ Will+ Int+3}
HPRegen 1.27/turn    H - ring of Denlet {rElec rC+ Int+6 Dex+5 Stlth+}
MPRegen 0.27/turn

%: no passive effects
@: mighty, under a protective aura
A: high MP 1, forlorn, divine attributes
}: 2/15 runes: barnacled, gossamer
a: no special abilities


You were on level 2 of the Vaults.
You visited 6 branches of the dungeon, and saw 32 of its levels.
You also visited: Ossuary and Ice Cave.

You collected 4153 gold pieces.
You spent 1084 gold pieces at shops.


Innate Abilities, Weirdness & Mutations

You have an increased reservoir of magic. (+10% MP)
You shall have no god before yourself.
Your divine heritage dramatically boosts your attributes as you level up.


   Skills:
 - Level 15.0 Fighting
 - Level 1.0 Armour
 - Level 15.0 Dodging
 - Level 1.7 Stealth
 - Level 13.0 Spellcasting
 - Level 13.0 Conjurations
 + Level 15.2 Ice Magic
 - Level 4.0 Air Magic
 - Level 5.0 Earth Magic


You had 4 spell levels left.
You knew the following spells:

 Your Spells              Type           Power      Damage    Failure   Level
c - Stone Arrow           Conj/Erth      100%       3d13      1%          3
i - Polar Vortex          Ice            62%        12d8*     54%         9
u - Bombard               Conj/Erth      50%        9d8       1%          6
v - Iskenderun's Mystic   Conj/Tloc      89%        2d17      1%          4
y - Arcjolt               Conj/Air       49%        1d59      1%          5
z - Magic Dart            Conj           100%       1d8       0%          1
X - Ozocubu's Refrigerat  Ice            62%        4d21      1%          7
Z - Fulminant Prism       Conj/Alch      44%        3d19      1%          4

Your spell library contained the following spells:

 Spells                   Type           Power      Damage    Failure   Level
 Searing Ray              Conj           100%       2d8       0%          2
 Hailstorm                Conj/Ice       100%       3d16      0%          3
 Apportation              Tloc           80%        N/A       1%          1
 Necrotise                Necr           100%       1d9       1%          1
 Sandblast                Erth           100%       2d20      1%          1
 Slow                     Hex            100%       N/A       1%          1
 Sting                    Conj/Alch      100%       1d9       1%          1
 Summon Small Mammal      Summ           100%       N/A       1%          1
 Call Canine Familiar     Summ           40%        N/A       1%          3
 Confusing Touch          Hex            40%        N/A       1%          3
 Dazzling Flash           Conj/Hex       100%       N/A       1%          3
 Inner Flame              Hex/Fire       40%        N/A       1%          3
 Mephitic Cloud           Conj/Alch/Air  84%        N/A       1%          3
 Passwall                 Erth           81%        N/A       1%          3
 Portal Projectile        Hex/Tloc       80%        N/A       1%          3
 Sigil of Binding         Hex            40%        N/A       1%          3
 Tukima's Dance           Hex            40%        N/A       1%          3
 Vampiric Draining        Necr           40%        2d8       1%          3
 Volatile Blastmotes      Fire/Tloc      80%        2d16      1%          3
 Leda's Liquefaction      Alch/Erth      32%        N/A       1%          4
 Vhi's Electric Charge    Tloc/Air       100%       N/A       1%          4
 Passage of Golubria      Tloc           40%        N/A       3%          4
 Irradiate                Conj/Alch      44%        3d26      1%          5
 Lee's Rapid Deconstruct  Erth           40%        3d20*     1%          5
 Sculpt Simulacrum        Ice/Alch       47%        N/A       2%          6
 Silence                  Hex/Air        30%        N/A       4%          5
 Curse of Agony           Necr           40%        N/A       10%         5
 Yara's Violent Unravell  Hex/Alch       20%        3d9       10%         5
 Plasma Beam              Fire/Air       30%        2x1d43    22%         6
 Ignition                 Fire           20%        3d7       100%        8

Inventory:

Hand Weapons
 a - the +8 scimitar of Infection (weapon) {protect, Will+ Str+2 Int+2}

   Str+2:     It affects your strength (+2).
   Int+2:     It affects your intelligence (+2).
   Will+:     It increases your willpower.
 b - the +6 morningstar of the Candle {elec, Fly rF- Will++ rCorr} rF-: It makes you vulnerable to fire. Will++: It greatly increases your willpower. Fly: It grants you flight. rCorr: It protects you from acid and corrosion.
 D - a +4 scimitar of flaming
Missiles
 M - a throwing net {=f}
 R - 12 curare-tipped darts {=f}
Armour
 h - a scarf of resistance (worn)
 A - a +0 pair of gloves (worn)
 N - a +0 troll leather armour (worn)
 Q - the +2 helmet of Uskayaw's Esteem (worn) {rC+ Str+2 SInv}

   Str+2:     It affects your strength (+2).
   rC+:       It protects you from cold.
   SInv:      It lets you see invisible.
 W - the +2 pair of boots of Protective Custody (worn) {rPois Int+8}

   Int+8:     It affects your intelligence (+8).
   rPois:     It protects you from poison
 X - the +2 pair of boots of Uskayaw's Inspiration {+Inv rF+ rC+ Regen+} rF+: It protects you from fire. rC+: It protects you from cold. +Inv: It lets you turn invisible. Regen+: It increases your rate of health regeneration.
Magical Staves
 n - a staff of conjuration {!a}
 Y - a staff of air
Jewellery
 t - a ring of willpower
 y - the ring "Daowk" (left hand) {rF+ Will+ Int+3}

   [ring of protection from fire]

   Int+3:     It affects your intelligence (+3).
   rF+:       It protects you from fire.
   Will+:     It increases your willpower.
 H - the ring of Denlet (right hand) {rElec rC+ Int+6 Dex+5 Stlth+}

   [ring of intelligence]

   Int+6:     It affects your intelligence (+6).
   Dex+5:     It affects your dexterity (+5).
   rC+:       It protects you from cold.
   rElec:     It insulates you from electricity.
   Stlth+:    It makes you more stealthy.
 I - the amulet of Elemental Vulnerability (around neck) {rPois rF-- rC-- AC+8}

   [amulet of nothing]

   AC+8:      It affects your AC (+8).
   rF--:      It makes you very vulnerable to fire.
   rC--:      It makes you very vulnerable to cold.
   rPois:     It protects you from poison
 S - a ring of resist corrosion
 T - a ring of wizardry
 U - a ring of protection from fire
Wands
 j - a wand of paralysis (1)
 p - a wand of digging (15)
 G - a wand of quicksilver (4)
 K - a wand of iceblast (1)
Scrolls
 d - 4 scrolls of enchant armour
 g - 2 scrolls of summoning
 i - 6 scrolls of poison {!r}
 k - 8 scrolls of teleportation {@r4}
 l - 10 scrolls of fog
 s - 7 scrolls of enchant weapon
 u - 4 scrolls of fear
 w - 5 scrolls of brand weapon
 z - 3 scrolls of silence {!r}
 B - 5 scrolls of noise {!r}
 E - 6 scrolls of revelation
 F - 4 scrolls of vulnerability {!r}
 L - 6 scrolls of blinking
 P - 2 scrolls of amnesia
Potions
 c - 3 potions of resistance
 e - 7 potions of enlightenment
 f - 12 potions of curing {@q1}
 m - 5 potions of might
 o - 8 potions of heal wounds {@q2}
 q - 2 potions of magic
 r - 4 potions of brilliance
 v - 5 potions of attraction {!q}
 x - a potion of cancellation {unknown}
 C - 2 potions of invisibility
 J - 3 potions of lignification {!q}
 O - 4 potions of ambrosia
 V - 7 potions of haste {@q3}
 Z - 3 potions of mutation {!q}

Dungeon Overview and Level Annotations

Branches:
Dungeon (15/15)            Temple (0/1) D:4            Lair (5/5) D:8
 Shoals (4/4) Lair:3       Spider (4/4) Lair:2        Slime (0/5) Lair:5
    Orc (2/2) D:10            Elf (0/3) Orc:2        Vaults (2/5) D:13
 Depths (0/4) D:15        Ossuary (visited)           IceCv (visited)
  Crypt: Vaults:2-3

Shops:
D:6 *=(   D:11 ?   D:14 (   Orc:2 ([[*   Shoals:1 ! Shoals:2

( ▒▒▒▒
... ...
..
▒▒'▒▒▒▒▒
▒.[....▒
▒......▒
▒..p...▒
▒.8.9..▒
▒......▒
▒......▒
▒......▒
▒......+
▒▒▒▒▒▒▒▒


You could see a war gargoyle (strong, catching breath) and a peacekeeper.


Message History

There is a stone staircase leading up here.
The peacekeeper closely misses you. The peacekeeper misses you.
The war gargoyle hits you with a +2 heavy morningstar!!
* * * LOW HITPOINT WARNING * * *
Unknown command.
You feel very mighty all of a sudden. The peacekeeper barely misses you.
The peacekeeper completely misses you. The peacekeeper bites you!
* * * LOW HITPOINT WARNING * * *
The peacekeeper claws you.
* * * LOW HITPOINT WARNING * * *
The war gargoyle misses you.
You barely miss the war gargoyle.
You punch the war gargoyle, but do no damage.
The war gargoyle is severely damaged.
The peacekeeper closely misses you. The peacekeeper claws you.
* * * LOW HITPOINT WARNING * * *
The war gargoyle launches metal splinters at you.
The spray of metal splinters misses you.
The peacekeeper completely misses you. The peacekeeper barely misses you.
Unknown command.
You hit the war gargoyle but do no damage.
Your weapon exudes an aura of protection.
The war gargoyle is severely damaged.
The war gargoyle hits you with a +2 heavy morningstar!!
You die...

Action                     |  1- 3 |  4- 6 |  7- 9 | 10-12 | 13-15 | 16-18 || total
---------------------------+-------+-------+-------+-------+-------+-------++-------
  Melee: Unarmed           |    17 |       |       |       |       |       ||    17
         Punch             |     2 |       |     5 |     2 |     9 |    50 ||    68
         Dagger            |     8 |       |    88 |    66 |       |       ||   162
         Long sword        |       |    36 |       |       |       |       ||    36
         Whip              |       |       |       |    36 |       |       ||    36
         Scimitar          |       |       |       |    88 |   675 |   156 ||   919
         Morningstar       |       |       |       |       |       |   226 ||   226
   Cast: Magic Dart        |   107 |   107 |    32 |     3 |    10 |     1 ||   260
         Searing Ray       |       |    21 |    15 |    13 |       |       ||    49
         Stone Arrow       |       |     2 |    76 |   264 |   279 |       ||   621
         Fulminant Prism   |       |       |     3 |    31 |     6 |       ||    40
         Arcjolt           |       |       |       |       |   243 |   103 ||   346
         Bombard           |       |       |       |       |    15 |   174 ||   189
         Ozocubu's Refrige |       |       |       |       |       |   237 ||   237
  Evoke: Wand              |       |       |     2 |       |    17 |     3 ||    22
    Use: Potion            |     1 |       |       |     1 |     6 |     7 ||    15
         Scroll            |       |       |       |    10 |    14 |     6 ||    30
   Stab: Paralysed         |       |       |     7 |       |     5 |       ||    12
         Sleeping          |       |       |       |     1 |     1 |       ||     2
         Petrified         |       |       |       |     2 |       |       ||     2
         Distracted        |       |       |       |       |       |     1 ||     1
 Armour: Robe              |     8 |     7 |    20 |     7 |       |       ||    42
         Troll leather arm |       |       |       |    75 |   476 |   764 ||  1315
  Dodge: Dodged            |    29 |    29 |    87 |   382 |  1545 |   882 ||  2954

Levels and vault maps discovered:
D:1:      dpeg_arrival_snail, layout_basic, serial_bayou, serial_bayou_lagoon_a,
          serial_bayou_crossing, serial_bayou_lake_a, serial_bayou_pond_e
D:2:      layout_rooms, minmay_ruptured
D:3:      layout_loops_ring, mainiacjoe_overflow_alcove_2,
          nicolae_uskayaw_murder_on_the_dancefloor, lemuel_blue_sif_altar,
          minmay_cupped
D:4:      layout_loops_ring, minmay_temple_entry_statues_fountains,
          enter_ossuary_2, uniq_sigmund
D:5:      layout_basic, marbit_many_paths, jmf_multi_god_temple, serial_glass,
          glass_columns_b, glass_columns_b
D:6:      layout_loops_ring, serial_shops, shop, shop, shop, uniq_grinder,
          uniq_crazy_yiuf_cottage
D:7:      layout_loops_ring, trog_wizard, mainiacjoe_overflow_chevrons,
          mainiacjoe_overflow_big_doors, minmay_starry_boxes, uniq_pikel,
          uniq_duvessa
D:8:      layout_rooms, dk_xom_monty_hall, nicolae_wu_jian_glorious_leap,
          mainiacjoe_overflow_alcove_4, erik_lair_dragon
D:9:      layout_roguey
D:10:     layout_loops_corners, erik_orc_4, kennysheep_generic_room_3
D:11:     layout_rooms, serial_shops, shop
D:12:     layout_small_grid, maelrawn_ghost_gauntlet_escape
D:13:     layout_basic, david_vaults_3, uniq_rupert, uniq_nessos
D:14:     layout_loops_ring, serial_shops, shop
D:15:     gammafunk_enter_depths_forms, layout_loops_ring,
          minmay_tree_intersection
Lair:1:   layout_gridlike, portal_ice_cave_entry_pillars_2
Lair:2:   layout_cave_pods, spider_nest_entry_web_field,
          gammafunk_ghost_necromancy, lemuel_fruit_fields
Lair:3:   layout_small_grid, elwin_shoals_entry_rooms, grunt_megastairs_5,
          lemuel_fruit_fields
Lair:4:   layout_cave_pods, lemuel_fruit_fields
Lair:5:   guppyfry_lair_end_dragon, layout_cave_shapes,
          hangedman_lair_tendril_chambers, slime_entry_2
Shoals:1: layout_shoals, ebering_ghost_rock_garden, serial_shops, shop,
          uniq_roxanne
Shoals:2: layout_shoals, serial_shops, shop, uniq_ilsuiw
Shoals:3: layout_shoals, uniq_mara, uniq_donald
Shoals:4: shoals_end_hellmonk_storm_palace [storm_palace_center_ruins,
          storm_palace_corner_blocked, storm_palace_corner_altar,
          storm_palace_corner_grid, storm_palace_corner_reverse_hut]
Spider:1: nicolae_spider_jumping_over_cracks [nicolae_spider_jumping_sub_lake,
          nicolae_spider_jumping_sub_no_exit, nicolae_spider_jumping_sub_pools,
          nicolae_spider_jumping_sub_rim], guppyfry_hornet_nest
Spider:2: layout_spider_delve, uniq_kirke
Spider:3: layout_spider_delve, drop_trap
Spider:4: spider_rune_water, hellmonk_deceptive_appearances,
          hangedman_spider_tarantella_strand, uniq_arachne, uniq_mlioglotl
Orc:1:    layout_caves, nicolae_orc_flooded_monolith, nicolae_orc_bridge_out,
          elves_outpost_lemuel
Orc:2:    st_orc_pillars, layout_caves, uniq_maurice
Vaults:1: v_rooms_6, nicolae_vaults_an_arrangement, nicolae_vaults_trapezoid_3,
          nicolae_vaults_offset_grid_hallway_3, ontoclasm_vaults_misaligned,
          v_rooms_4, nicolae_vaults_little_squares_4, v_misc_11,
          vaults_room_corners, dpeg_vaults_monster_box,
          nicolae_vaults_diamond_2, ontoclasm_vaults_pinch,
          layout_vaults_omnicross, serial_shops, shop
Vaults:2: nicolae_vaults_thirteen_compartments, v_misc_15,
          nicolae_vaults_spaceships, ontoclasm_vaults_ring_large,
          minmay_crypt_entry_simple_sparse, nicolae_vaults_tetromino_L_2,
          v_alt_pattern_2, nicolae_vaults_variable_pillar_hall,
          nicolae_vaults_little_squares_3, nicolae_vaults_weapon_check,
          vaults_dpeg_ring, layout_vaults_chaotic_city

Notes
Turn   | Place    | Note
-------+----------+-------------------------------------------
     0 | D:1      | sanka the Demigod Conjurer began the quest for the Orb.
     0 | D:1      | Reached XP level 1. HP: 14/14 MP: 5/5
   117 | D:1      | Reached skill level 2 in Spellcasting
   282 | D:1      | Reached skill level 4 in Conjurations
   334 | D:1      | Reached XP level 2. HP: 20/20 MP: 5/7
   356 | D:1      | Learned a level 2 spell: Searing Ray
   901 | D:1      | Reached XP level 3. HP: 26/26 MP: 5/8
  1691 | D:2      | Reached skill level 5 in Conjurations
  2103 | D:2      | Reached XP level 4. HP: 33/33 MP: 7/9
  2905 | D:3      | Learned a level 3 spell: Stone Arrow
  3476 | D:3      | Reached skill level 1 in Earth Magic
  3551 | D:3      | Reached XP level 5. HP: 38/38 MP: 1/10
  3669 | D:4      | Found a sand-covered staircase.
  3675 | Ossuary  | Entered an ossuary
  3802 | Ossuary  | Reached skill level 6 in Conjurations
  4307 | D:4      | Found a staircase to the Ecumenical Temple.
  4489 | D:4      | Reached XP level 6. HP: 39/45 MP: 4/13
  4727 | D:4      | Noticed Sigmund
  4730 | D:4      | Killed Sigmund
  4731 | D:4      | Reached skill level 3 in Spellcasting
  4731 | D:4      | Reached skill level 7 in Conjurations
  5138 | D:4      | Reached XP level 7. HP: 51/51 MP: 7/15
  5422 | D:5      | Entered Level 5 of the Dungeon
  5745 | D:5      | Reached skill level 4 in Spellcasting
  6100 | D:5      | Reached skill level 8 in Conjurations
  6217 | D:6      | Found Punar's Assorted Antiques.
  6217 | D:6      | Found Oschid's Jewellery Emporium.
  6220 | D:6      | Noticed Grinder
  6226 | D:6      | Paralysed by Grinder for 3 turns
  6232 | D:6      | Killed Grinder
  6233 | D:6      | Reached XP level 8. HP: 58/58 MP: 2/17
  6363 | D:6      | Bought a +6 ring of intelligence for 540 gold pieces
  6444 | D:6      | Reached skill level 9 in Conjurations
  6444 | D:6      | Reached skill level 1 in Fighting
  6450 | D:6      | Reached skill level 2 in Fighting
  6455 | D:6      | Reached skill level 3 in Fighting
  6590 | D:6      | Found Lumud's Antique Weapon Emporium.
  6950 | D:6      | Reached skill level 4 in Fighting
  6959 | D:6      | Reached skill level 5 in Fighting
  7408 | D:6      | Found a runed translucent door.
  7409 | D:6      | Noticed Crazy Yiuf
  7413 | D:6      | Killed Crazy Yiuf
  7414 | D:6      | Reached skill level 2 in Dodging
  7664 | D:7      | Noticed Dowan
  7665 | D:7      | Killed Dowan
  7915 | D:7      | Reached skill level 3 in Dodging
  8213 | D:7      | Noticed a wizard
  8220 | D:7      | Killed a wizard
  8263 | D:7      | Reached XP level 9. HP: 68/75 MP: 11/18
  8309 | D:7      | Learned a level 4 spell: Fulminant Prism
  8314 | D:7      | Learned a level 4 spell: Iskenderun's Mystic Blast
  8472 | D:7      | Noticed Pikel
  8474 | D:7      | Noticed a kobold demonologist
  8480 | D:7      | Killed Pikel
  8481 | D:7      | Reached skill level 6 in Fighting
  8481 | D:7      | Reached skill level 4 in Dodging
  8496 | D:7      | Killed a kobold demonologist
  8831 | D:8      | Reached skill level 5 in Dodging
  8908 | D:8      | Reached skill level 7 in Fighting
  9420 | D:8      | Noticed a komodo dragon
  9432 | D:8      | Killed a komodo dragon
  9541 | D:8      | Reached skill level 6 in Dodging
  9841 | D:8      | Reached skill level 8 in Fighting
  9911 | D:8      | Found a staircase to the Lair.
 10015 | D:8      | Reached XP level 10. HP: 63/88 MP: 13/19
 10022 | D:8      | Reached skill level 7 in Dodging
 10599 | D:9      | Identified a scarf of resistance
 10703 | D:9      | Noticed a two-headed ogre
 10709 | D:9      | Killed a two-headed ogre
 10854 | D:9      | Reached skill level 9 in Fighting
 11225 | D:9      | Reached skill level 8 in Dodging
 12017 | D:10     | Entered Level 10 of the Dungeon
 12584 | D:10     | Found a staircase to the Orcish Mines.
 12773 | D:10     | Reached skill level 10 in Fighting
 12776 | D:10     | Reached skill level 9 in Dodging
 12777 | D:10     | Reached XP level 11. HP: 92/99 MP: 3/20
 13542 | D:10     | Reached skill level 10 in Dodging
 14199 | D:11     | Noticed a skeletal warrior
 14338 | D:11     | Killed a skeletal warrior
 14339 | D:11     | Reached skill level 10 in Conjurations
 14504 | D:11     | Identified the +8 scimitar of Infection {protect, Will+
                  | Str+2 Int+2}
 14632 | D:11     | Noticed a skeletal warrior
 14676 | D:11     | Reached skill level 1 in Armour
 15131 | D:11     | Killed a skeletal warrior
 15132 | D:11     | Reached skill level 11 in Conjurations
 15145 | D:11     | Noticed a skeletal warrior
 15265 | D:11     | Killed a skeletal warrior
 15387 | D:11     | Found Omosuchy's Magic Scroll Shop.
 15395 | D:11     | Bought a scroll of blinking for 97 gold pieces
 15395 | D:11     | Bought a scroll of revelation for 97 gold pieces
 15614 | Lair:1   | Entered Level 1 of the Lair of Beasts
 15614 | Lair:1   | Found a frozen archway.
 15675 | IceCv    | Entered an ice cave
 15822 | IceCv    | Noticed a death yak
 15823 | IceCv    | Noticed a death yak
 15845 | IceCv    | Killed a death yak
 15848 | IceCv    | Killed a death yak
 15849 | IceCv    | Reached skill level 5 in Spellcasting
 15866 | IceCv    | Reached skill level 12 in Conjurations
 15866 | IceCv    | Reached XP level 12. HP: 80/106 MP: 5/23
 16513 | IceCv    | Reached skill level 6 in Spellcasting
 16726 | IceCv    | Noticed a frost giant
 16753 | IceCv    | Killed a frost giant
 16764 | IceCv    | Reached skill level 13 in Conjurations
 17242 | IceCv    | Identified a +0 crystal plate armour of cold resistance
 17555 | Lair:1   | Noticed a catoblepas
 17579 | Lair:1   | Killed a catoblepas
 17961 | Lair:1   | Found the amulet of Elemental Vulnerability {rPois rF--
                  | rC-- AC+8}
 19137 | Lair:2   | Reached skill level 11 in Fighting
 19137 | Lair:2   | Reached skill level 11 in Dodging
 19266 | Lair:2   | Learned a level 5 spell: Arcjolt
 19384 | Lair:2   | Noticed an eight-headed hydra
 19432 | Lair:2   | Killed an eight-headed hydra
 19433 | Lair:2   | Reached skill level 1 in Air Magic
 19462 | Lair:2   | Reached skill level 2 in Air Magic
 19654 | Lair:2   | Found a runed translucent gate.
 19655 | Lair:2   | Found a runed translucent gate.
 19655 | Lair:2   | Found a runed translucent gate.
 19660 | Lair:2   | Noticed Mous's ghost (journeyman MiBe)
 19761 | Lair:2   | Reached skill level 3 in Air Magic
 19999 | Lair:2   | Identified the +2 pair of boots of Protective Custody
                  | {rPois Int+8}
 20128 | Lair:2   | Reached XP level 13. HP: 115/116 MP: 13/26
 20269 | Lair:2   | Found a hole to the Spider Nest.
 20666 | Lair:3   | Reached skill level 4 in Air Magic
 22726 | Lair:3   | Found a staircase to the Shoals.
 23034 | Lair:5   | Entered Level 5 of the Lair of Beasts
 23425 | Lair:4   | Reached skill level 12 in Fighting
 23425 | Lair:4   | Reached skill level 12 in Dodging
 24958 | Lair:5   | Reached skill level 13 in Fighting
 24958 | Lair:5   | Reached skill level 13 in Dodging
 25058 | Lair:5   | Identified the ring "Daowk" {rF+ Will+ Int+3}
 25492 | Lair:5   | Reached XP level 14. HP: 129/129 MP: 8/27
 25710 | Lair:5   | Found a runed translucent door.
 25711 | Lair:5   | Found a staircase to the Slime Pits.
 25808 | Lair:5   | Identified the +5 scale mail "Zov Duum" {Will+ MP+9}
 27150 | Lair:5   | HP: 4/130 [wolf spider (14)]
 27388 | Lair:5   | Found the +8 demon blade "Leech" {evervamp, Harm Drain rN+}
 27624 | Orc:1    | Entered Level 1 of the Orcish Mines
 28002 | Orc:1    | Reached skill level 14 in Fighting
 28002 | Orc:1    | Reached skill level 14 in Dodging
 28747 | Orc:2    | Entered Level 2 of the Orcish Mines
 30058 | Orc:2    | Found Fimm's Weapon Shoppe.
 30058 | Orc:2    | Found Uwkug's Assorted Antiques.
 30059 | Orc:2    | Found Ekhlios's Armour Emporium.
 30059 | Orc:2    | Found Reram's Antique Armour Shoppe.
 30208 | Orc:2    | Noticed Maurice
 30219 | Orc:2    | Killed Maurice
 30524 | Orc:2    | Found a staircase to the Elven Halls.
 30602 | Orc:2    | Upgraded the game from 0.31-a0-233-g139696dc86 to
                  | 0.31-a0-236-g9a0961fb85
 31472 | D:12     | Noticed Bananafolds's ghost (journeyman DrAE)
 31516 | D:12     | Found a runed translucent gate.
 31516 | D:12     | Found a runed translucent gate.
 31518 | D:12     | Found a runed translucent gate.
 32187 | Lair:2   | Killed Mous's ghost
 32340 | Lair:2   | Identified the +2 helmet of Uskayaw's Esteem {rC+ Str+2
                  | SInv}
 32779 | D:12     | Killed Bananafolds's ghost
 32951 | D:13     | Noticed Lodul
 32951 | D:13     | Noticed Nessos
 32951 | D:13     | Found a gate to the Vaults.
 33081 | D:13     | Identified the +1 leather armour of Eternal Night {Will+
                  | Dex+3}
 33212 | D:13     | Upgraded the game from 0.31-a0-236-g9a0961fb85 to
                  | 0.31-a0-237-g2d982f9f85
 33287 | D:13     | Reached skill level 15 in Fighting
 33287 | D:13     | Reached skill level 15 in Dodging
 33384 | D:13     | Noticed Rupert
 33390 | D:13     | Killed Rupert
 33546 | D:13     | Reached XP level 15. HP: 141/141 MP: 27/29
 33663 | D:13     | Reached skill level 7 in Spellcasting
 33691 | D:13     | Killed Lodul
 33794 | D:13     | Killed Nessos
 34001 | D:13     | Reached skill level 8 in Spellcasting
 34584 | D:14     | Found Qedghut's Weapon Shoppe.
 34769 | D:14     | Identified a scroll of acquirement
 34965 | D:14     | Reached skill level 9 in Spellcasting
 35074 | D:14     | Identified 3 potions of resistance
 35155 | D:14     | Identified the ring of Denlet {rElec rC+ Int+6 Dex+5
                  | Stlth+}
 35631 | D:15     | Entered Level 15 of the Dungeon
 36368 | D:15     | Found a staircase to the Depths.
 36372 | D:15     | Reached skill level 10 in Spellcasting
 37334 | D:15     | Learned a level 6 spell: Bombard
 37646 | Spider:1 | Entered Level 1 of the Spider Nest
 37750 | Spider:1 | Reached skill level 2 in Earth Magic
 38210 | Spider:1 | Reached skill level 3 in Earth Magic
 38220 | Spider:1 | Reached skill level 11 in Spellcasting
 38577 | Spider:2 | Reached skill level 4 in Earth Magic
 39358 | Spider:2 | Reached XP level 16. HP: 126/149 MP: 20/36
 39535 | Spider:2 | Reached skill level 5 in Earth Magic
 39895 | Spider:1 | Upgraded the game from 0.31-a0-237-g2d982f9f85 to
                  | 0.31-a0-431-g88bdf31460
 39895 | Spider:1 | Upgraded the game from 0.31-a0-431-g88bdf31460 to
                  | 0.31-a0-803-g95b03c3367
 40018 | Spider:2 | Reached skill level 12 in Spellcasting
 40354 | Spider:2 | Upgraded the game from 0.31-a0-803-g95b03c3367 to
                  | 0.31-a0-844-gdc52ec4e09
 40571 | Spider:2 | Noticed Kirke
 40604 | Spider:2 | Killed Kirke
 41036 | Spider:3 | Upgraded the game from 0.31-a0-844-gdc52ec4e09 to
                  | 0.31-a0-986-g5e6e4ef867
 41036 | Spider:3 | Upgraded the game from 0.31-a0-986-g5e6e4ef867 to
                  | 0.31-a0-1009-g454b1f1e0a
 41036 | Spider:3 | Upgraded the game from 0.31-a0-1009-g454b1f1e0a to
                  | 0.31-a0-1424-g2add1c7226
 41036 | Spider:3 | Upgraded the game from 0.31-a0-1424-g2add1c7226 to
                  | 0.32-a0-41-gec2d92a32c
 41036 | Spider:3 | Upgraded the game from 0.32-a0-41-gec2d92a32c to
                  | 0.32-a0-131-g9dbbe29261
 41044 | Spider:3 | Learned a level 7 spell: Ozocubu's Refrigeration
 41054 | Spider:3 | Learned a level 9 spell: Polar Vortex
 41078 | Spider:3 | Reached skill level 1 in Ice Magic
 41569 | Spider:3 | Reached skill level 2 in Ice Magic
 41985 | Spider:3 | Reached skill level 3 in Ice Magic
 42759 | Spider:4 | Entered Level 4 of the Spider Nest
 42998 | Spider:4 | Reached skill level 4 in Ice Magic
 43012 | Spider:4 | Reached skill level 13 in Spellcasting
 43167 | Spider:4 | Noticed Mlioglotl
 43173 | Spider:4 | Killed Mlioglotl
 43470 | Spider:4 | Reached skill level 5 in Ice Magic
 43599 | Spider:4 | Identified the +6 morningstar of the Candle {elec, Fly rF-
                  | Will++ rCorr}
 44202 | Spider:4 | Reached skill level 6 in Ice Magic
 44317 | Spider:4 | Noticed Arachne
 44329 | Spider:4 | Killed Arachne
 44792 | Spider:4 | Reached skill level 7 in Ice Magic
 45637 | Spider:4 | Reached skill level 8 in Ice Magic
 45817 | Spider:4 | Identified the orb "Sehemuok" {mayhem, Harm rCorr MP-9
                  | Alchemy}
 45838 | Spider:4 | Got a gossamer rune of Zot
 45957 | Spider:4 | Acquired the +2 pair of boots of Uskayaw's Inspiration
                  | {+Inv rF+ rC+ Regen+}
 46114 | Shoals:1 | Entered Level 1 of the Shoals
 46297 | Shoals:1 | Noticed Roxanne
 46513 | Shoals:1 | Killed Roxanne
 46657 | Shoals:1 | Reached skill level 9 in Ice Magic
 46983 | Shoals:1 | Found a runed translucent gate.
 46983 | Shoals:1 | Found a runed translucent gate.
 46984 | Shoals:1 | Found a runed translucent gate.
 46994 | Shoals:1 | Noticed Acaowk's ghost (adept VSBr)
 47256 | Shoals:1 | Reached XP level 17. HP: 129/156 MP: 7/39
 47380 | Shoals:1 | Found Dyrrud's Distillery.
 47402 | Shoals:1 | Bought a potion of brilliance for 56 gold pieces
 47402 | Shoals:1 | Bought a potion of heal wounds for 70 gold pieces
 47402 | Shoals:1 | Bought a potion of heal wounds for 70 gold pieces
 47402 | Shoals:1 | Bought a potion of lignification for 42 gold pieces
 47402 | Shoals:1 | Bought a potion of magic for 112 gold pieces
 47997 | Shoals:1 | Reached skill level 10 in Ice Magic
 48591 | Shoals:1 | Killed Acaowk's ghost
 49163 | Shoals:2 | Noticed Ilsuiw
 49437 | Shoals:2 | Reached skill level 11 in Ice Magic
 49440 | Shoals:2 | Killed Ilsuiw
 49917 | Shoals:2 | Found Vigure's Weapon Boutique.
 50590 | Shoals:3 | Noticed Mara
 50594 | Shoals:3 | Noticed sanka's illusion
 50612 | Shoals:2 | Noticed sanka's illusion
 50614 | Shoals:2 | Killed Mara
 50784 | Shoals:3 | Noticed Donald
 50792 | Shoals:3 | Killed Donald
 50804 | Shoals:2 | Reached skill level 12 in Ice Magic
 52640 | Shoals:4 | Entered Level 4 of the Shoals
 53006 | Shoals:4 | Reached skill level 13 in Ice Magic
 53083 | Shoals:4 | Noticed a titan
 53700 | Shoals:4 | Identified the ring of Discretion {rElec Str+2 Slay+4
                  | Stlth-}
 55199 | Shoals:4 | Reached skill level 14 in Ice Magic
 55712 | Shoals:4 | Paralysed by an air elemental for 1 turns
 55852 | Shoals:4 | Killed a titan
 56136 | Shoals:4 | Got a barnacled rune of Zot
 57094 | Vaults:1 | Entered Level 1 of the Vaults
 57134 | Vaults:1 | Reached XP level 18. HP: 161/163 MP: 6/40
 57435 | Vaults:1 | Reached skill level 15 in Ice Magic
 57931 | Vaults:2 | Mangled by a war gargoyle

Vanquished Creatures
  Mara (Shoals:2)
  Arachne (Spider:4)
  Rupert (D:13)
  The ghost of Acaowk the Warrior, an adept VSBr of Uskayaw (Shoals:1)
  Mlioglotl (Spider:4)
  A titan (Shoals:4)
  2 krakens
  Roxanne (Shoals:1)
  Donald (Shoals:3)
  Ilsuiw (Shoals:2)
  6 ghost moths
  A frost giant (IceCv)
  5 emperor scorpions
  An ironbound preserver (Vaults:1)
  2 broodmothers
  An ironbound thunderhulk (Vaults:1)
  2 very ugly things (D:15)
  Nessos (D:13)
  3 spark wasps
  A war gargoyle (Vaults:1)
  The ghost of Mous the Fighter, a journeyman MiBe of Trog (Lair:2)
  A minotaur (D:12)
  4 entropy weavers
  A fire dragon (Lair:5)
  4 merfolk javelineers
  6 merfolk impalers
  A rakshasa (D:15)
  An ironbound frostheart (Vaults:1)
  7 centaur warriors
  6 merfolk avatars
  6 hydras
  2 jorogumos (Spider:4)
  6 merfolk aquamancers (Shoals:4)
  A catoblepas (shapeshifter) (D:15)
  3 boulder beetles
  2 alligator snapping turtles
  2 radroaches (Spider:3)
  2 catoblepae
  A satyr (Shoals:4)
  4 tengu warriors
  2 two-headed ogres
  16 death yaks
  5 demonic crawlers
  5 orc high priests (Orc:2)
  2 sun moths (Spider:3)
  6 orb spiders
  3 skeletal warriors (D:11)
  6 skysharks
  9 sea snakes
  2 pharaoh ants (Spider:1)
  Lodul (D:13)
  3 deep trolls (Vaults:1)
  An ironbound convoker (Vaults:1)
  A swamp dragon (Lair:5)
  A swamp dragon (shapeshifter) (D:13)
  A glowing orange brain (D:15)
  An occultist (D:14)
  A lindwurm (shapeshifter) (D:15)
  14 harpies
  5 steelbarb worms
  7 orc knights
  3 deep elf zephyrmancers (Orc:1)
  17 wolf spiders
  Pikel (D:7)
  An orc sorcerer (Orc:2)
  12 fauns
  4 deep elf pyromancers (Orc:1)
  16 manticores
  13 ugly things
  10 cyclopes
  3 elephants
  11 black mambas
  11 merfolk sirens
  Maurice (Orc:2)
  3 meliai (Spider:4)
  4 moths of wrath
  An ice statue (IceCv)
  A vault sentinel (Vaults:2)
  A guardian serpent (Lair:5)
  5 water nymphs
  3 torpor snails (Spider:1)
  A gargoyle (D:14)
  16 cane toads
  12 rime drakes
  An unseen horror (D:11)
  An efreet (D:15)
  3 yaktaurs
  3 kobold demonologists
  12 komodo dragons
  A freezing wraith (D:12)
  11 trolls
  22 merfolk
  A wolf spider simulacrum (D:15)
  7 polar bears
  11 wind drakes
  A polar bear (shapeshifter) (Spider:4)
  18 tarantellas
  14 hornets
  Grinder (D:6)
  3 blink frogs (Lair:2)
  A spectral elephant (Lair:2)
  7 dream sheep (Shoals:1)
  14 slime creatures
  7 air elementals (Shoals:4)
  27 jumping spiders
  A spectral black mamba (Lair:2)
  2 shadows
  Sigmund (D:4)
  17 culicivoras
  2 wraiths (D:12)
  17 water elementals
  16 wyverns
  8 snapping turtles
  3 fire bats (Lair:1)
  51 yaks
  7 basilisks
  16 humans (D:13)
  4 vampire mosquitoes (D:15)
  5 hogs (Spider:2)
  2 steam dragons (Lair:5)
  46 redbacks
  2 wargs
  3 acid dragons
  29 water moccasins
  37 orc warriors
  A black bear (D:8)
  2 ice beasts (D:6)
  6 ogres
  2 swamp drakes
  A boulder beetle simulacrum (Lair:2)
  17 wolves
  6 centaurs
  2 kobold brigands
  11 bullfrogs
  3 gnoll sergeants
  5 scorpions
  4 wights (D:8)
  Dowan (D:7)
  5 killer bees (D:6)
  A dream sheep simulacrum (Lair:2)
  5 howler monkeys
  6 electric eels
  Crazy Yiuf (D:6)
  5 hounds
  6 jellies
  25 orc priests
  2 sleepcaps
  7 iguanas
  15 orc wizards
  8 mummies (Ossuary)
  6 adders
  14 gnolls
  A shadow imp (D:7)
  3 ribbon worms (D:3)
  2 dart slugs
  94 orcs
  7 bats
  10 endoplasms
  3 giant cockroaches
  15 goblins
  11 hobgoblins
  9 jackals
  6 quokkas
  9 ball pythons
  3 frilled lizards
  2 gnoll zombies (Ossuary)
  4 hobgoblin zombies (Ossuary)
  16 kobolds
  A kobold zombie (Ossuary)
  An orc zombie (Ossuary)
  5 rats
  A butterfly (Lair:4)
  3 tentacles (Shoals:3)
1145 creatures vanquished.

Vanquished Creatures (collateral kills)
  A demonic crawler (Spider:1)
  A death yak (IceCv)
  A rime drake (IceCv)
  A polar bear (IceCv)
  A jumping spider (Spider:1)
  A yak (IceCv)
6 creatures vanquished.

Vanquished Creatures (others)
  Kirke (Spider:2)
  The ghost of Bananafolds the Cleaver, a journeyman DrAE of Elyvilon (D:12)
  A spectral hydra (Lair:2)
  A deep elf pyromancer (Orc:1)
  An occultist (D:7)
  A deep elf zephyrmancer (Orc:1)
  40 fulminant prisms
  5 tentacles
51 creatures vanquished.

Grand Total: 1202 creatures vanquished
